 Dungeon Crawl Stone Soup version 0.22-a0-282-gdd34a7dfb5 (webtiles) character file.

64 RedPan the Insei (level 3, 0/29 HPs)
             Began as a Demonspawn Monk on Mar 18, 2018.
             Slain by an adder (4 damage)
             ... on level 2 of the Dungeon.
             The game lasted 00:02:35 (2735 turns).

RedPan the Insei (Demonspawn Monk)                  Turns: 2735, Time: 00:02:37

Health: 0/29       AC:  2    Str: 12    XL:     3   Next: 91%
Magic:  3/3        EV: 13    Int: 11    God:
Gold:   37         SH:  0    Dex: 15    Spells: 2/2 levels left

rFire    . . .     SeeInvis .     - Unarmed
rCold    + . .     Gourm    .   (no shield)
rNeg     . . .     Faith    .   a - +0 robe
rPois    .         Spirit   .   (no helmet)
rElec    .         Reflect  .   (no cloak)
rCorr    .         Harm     .   (no gloves)
MR       .....                  (no boots)
Stlth    ++........             (no amulet)
HPRegen  0.09/turn              (no ring)
MPRegen  0.08/turn              (no ring)

@: lethally poisoned (0 -> -4)
A: cold resistance 1, freezing cloud immunity
a: no special abilities


You were on level 2 of the Dungeon.
You were not hungry.

You visited 1 branch of the dungeon, and saw 2 of its levels.

You collected 37 gold pieces.

Inventory:

Armour
 a - a +0 robe (worn)
Wands
 j - a wand of iceblast (7)
Scrolls
 c - 2 scrolls of blinking {unknown}
 d - 3 scrolls of remove curse {unknown}
 e - 2 scrolls of enchant weapon {unknown}
 g - a scroll of magic mapping {unknown}
 i - a scroll of teleportation {unknown}
Potions
 f - a potion of flight {unknown}
 h - 3 potions of curing {unknown}
Comestibles
 b - 4 rations


   Skills:
 + Level 3.5 Fighting
 + Level 3.2 Dodging
 - Level 1.7 Stealth
 * Level 3.6 Unarmed Combat


You had 2 spell levels left.
You didn't know any spells.

Dungeon Overview and Level Annotations

Branches:
Dungeon (2/15)

Altars:

Annotations:
D:2 Sigmund


Innate Abilities, Weirdness & Mutations

Your flesh is cold resistant. (rC+)
You are immune to freezing clouds.


Message History

You closely miss the adder.
The adder is almost dead.
You feel sick. The adder misses you. The adder barely misses you.
You closely miss the adder.
The adder is almost dead.
The adder closely misses you.
You hit the adder but do no damage.
The adder is almost dead.
You feel sick. The adder bites you.
* * * LOW HITPOINT WARNING * * *
You barely miss the adder.
The adder is almost dead.
The adder misses you.
You hit the adder.
The adder is almost dead.
* * * LOW HITPOINT WARNING * * *
You feel sick. The adder bites you.
* * * LOW HITPOINT WARNING * * *
The adder bites you.
You die...

###########
#.........#
#)........#
#%........####
#......S......
#.....@...#
#.........#
#####)#########.
#.............
#.......#####
###.###.# #.#
#.# ## #.# #.##
#. #.# #..# #.


You could see an adder.

Vanquished Creatures
  Ijyb (D:1)
  2 worms (D:2)
  10 goblins
  4 hobgoblins
  7 kobolds
  A quokka (D:2)
  A bat (D:2)
  A frilled lizard (D:1)
  2 rats
29 creatures vanquished.

Notes
Turn   | Place    | Note
-------+----------+-------------------------------------------
     0 | D:1      | RedPan the Demonspawn Monk began the quest for the Orb.
     0 | D:1      | Reached XP level 1. HP: 18/18 MP: 1/1
   485 | D:1      | Gained mutation: Your flesh is cold resistant. (rC+) [demonic ancestry]
   485 | D:1      | Reached XP level 2. HP: 24/24 MP: 2/2
  1128 | D:2      | Noticed Sigmund
  1726 | D:2      | Noticed Ijyb
  1779 | D:1      | Killed Ijyb
  1779 | D:1      | Gained mutation: You are immune to freezing clouds. [demonic ancestry]
  1779 | D:1      | Reached XP level 3. HP: 2/29 MP: 3/3
  2735 | D:2      | Slain by an adder

Vault maps used:
D:1:      dpeg_arrival_ternary
D:2:      kennysheep_the_goblin_king, first_ration, uniq_sigmund

Skill      XL: |  1  2 |
---------------+-------+-----
Unarmed Combat | 3 |  3.6
Dodging        | 3 |  3.2
Fighting       | |  3.5
Stealth        | |  1.7

Action                   || total
-------------------------++-------
Melee: Unarmed           ||   156
       Punch             ||     2
Evoke: Wand              ||     4
 Stab: Sleeping          ||     3
  Eat: Chunk             ||     2
       Ration            ||     1
Armor: Robe              ||    18
Dodge: Dodged            ||    98

Table legend:
 A = Spawn XP
 B = Non-spawn XP
 C = Spawn XP percentage of total XP
 D = Spawn monster count
 E = Non-spawn monster count
 F = Spawn count percentage of total count
 G = Total turns spent on level
                    A         B        C        D         E        F      G
               +---------+---------+-------+---------+---------+-------+---------
         Total |       0 |      92 |   0.0 |       0 |      29 |   0.0 |  2735
               +---------+---------+-------+---------+---------+-------+---------
           D:1 |       0 |      52 |   0.0 |       0 |       8 |   0.0 |  1431
           D:2 |       0 |      40 |   0.0 |       0 |      21 |   0.0 |  1304
               +---------+---------+-------+---------+---------+-------+---------
